 Dungeon Crawl Stone Soup version 0.29-a0-352-g0917bc69df (webtiles) character file.

Game seed: 13304592185068113337

3185 Dauddaud the Cleaver (level 9, -2/105 HPs)
             Began as a Minotaur Berserker on Apr 23, 2022.
             Was an Elder of Trog.
             Slain by Grum
             ... wielding a +0 glaive of flaming
              (22 damage)
             ... on level 8 of the Dungeon.
             The game lasted 00:09:59 (9402 turns).

Dauddaud the Cleaver (Minotaur Berserker)           Turns: 9402, Time: 00:10:00

Health: -2/105     AC:  9    Str: 27      XL:     9   Next: 64%
Magic:  7/7        EV:  8    Int:  4      God:    Trog [****..]
Gold:   382        SH:  0    Dex:  8 (9)  Spells: 8/8 levels left

rFire   . . .      SeeInvis .   q - +1 war axe (vorpal)
rCold   + . .      Faith    .   (no shield)
rNeg    . . .      Spirit   .   x - +0 chain mail
rPois   .          Reflect  .   (helmet restricted)
rElec   .          Harm     .   (no cloak)
rCorr   .          Rampage  .   (no gloves)
Will    .....                   w - +0 pair of boots
Stlth   ..........              (no amulet)
HPRegen 0.27/turn               (no ring)
MPRegen 0.10/turn               (no ring)

@: berserking, very quick
A: horns 2, retaliatory headbutt, cold resistance 1, deterioration 1, low MP 1,
mutation resistance 1
a: Renounce Religion, Berserk, Trog's Hand, Brothers in Arms


You were on level 8 of the Dungeon.
You worshipped Trog.
Trog was greatly pleased with you.
You visited 1 branch of the dungeon, and saw 8 of its levels.

You collected 382 gold pieces.

Inventory:

Hand Weapons
 a - a +0 hand axe
 q - a +1 vorpal war axe (weapon)
Missiles
 h - a throwing net (quivered)
Armour
 b - a +0 animal skin
 d - a +0 ring mail
 w - a +0 pair of boots (worn)
 x - a +0 chain mail (worn)
Wands
 m - a wand of flame (41)
 n - a wand of paralysis (9)
Scrolls
 c - 2 scrolls of teleportation {unknown}
 e - 2 scrolls of blinking
 g - a scroll of enchant armour
 i - 2 scrolls of vulnerability
 o - a scroll of brand weapon
 p - 2 scrolls of acquirement
 t - a scroll of amnesia
 u - a scroll of fear
 v - a scroll of silence
 y - a scroll of identify
Potions
 f - 2 potions of brilliance
 j - 4 potions of curing {unknown}
 k - 2 potions of mutation
 l - a potion of heal wounds {unknown}
 r - a potion of lignification {unknown}
 s - a potion of flight {unknown}


   Skills:
 - Level 3.6 Fighting
 * Level 14.0 Axes
 - Level 2.4 Armour
 - Level 2.1 Dodging
 + Level 6.5 Evocations


You had 8 spell levels left.
You didn't know any spells.
Your spell library was empty.

Dungeon Overview and Level Annotations

Branches:
Dungeon (8/15)             Temple (0/1) D:4
   Lair: D:8-11

Altars:
Ashenzari
Cheibriados
Hepliaklqana
Qazlal
Sif Muna
Uskayaw
Xom
The Shining One

Annotations:
D:4 3 runed translucent doors, MrShunz's ghost, amateur GrBe
D:8 Grum


Innate Abilities, Weirdness & Mutations

You have a pair of horns on your head.
You reflexively headbutt those who attack you in melee.
Your flesh is cold resistant. (rC+)
Your body sometimes deteriorates upon taking damage.
Your magical capacity is low. (-10% MP)
You are somewhat resistant to further mutation.


Message History

The wolf is moderately wounded.
You slash the wolf! You closely miss the wolf. The wolf closely misses you.
The wolf bites you but does no damage. The wolf completely misses you.
You closely miss the wolf.
The wolf is severely wounded.
You hit the wolf. You closely miss the wolf.
The wolf bites you but does no damage. The wolf bites you. x2
The wolf bites you!
A wolf comes into view.
The wolf howls!
You slash the wolf!
You kill the wolf!
Trog accepts your kill.
You hit the wolf. You completely miss the wolf. The wolf barely misses you.
The wolf bites you. The wolf bites you but does no damage.
The wolf barely misses you.
A red film seems to cover your vision as you go berserk!
You feel yourself moving faster!
You feel mighty! The wolf bites you but does no damage. The wolf bites you.
Grum hits you from afar with a +0 glaive of flaming!!
Your body deteriorates!
You feel clumsy. Grum burns you! The wolf closely misses you.
You furiously retaliate!
You headbutt the wolf. The wolf closely misses you.
You slash the wolf!
You feel the power of Trog in you as your rage grows.
You kill the wolf!
Trog accepts your kill.
You barely miss the wolf. The wolf barely misses you. You furiously retaliate!
You headbutt the wolf!
Your Axes skill increases to level 14!
Grum hits you with a +0 glaive of flaming!
* * * LOW HITPOINT WARNING * * *
Grum burns you.
* * * LOW HITPOINT WARNING * * *
The wolf bites you but does no damage.
You closely miss Grum. You headbutt Grum!
Grum is moderately wounded.
You hit the wolf. You barely miss the wolf. The wolf closely misses you.
Grum hits you with a +0 glaive of flaming!!
You die...

### ############.# ###
...###..##.#..#...####.#
..>...............#....#####..
.........)..hh.........#..##..
............g@............#...
#..##...##'####..##...##..#...
#. #...##...##..##...##..#...
. #...##........#...##..##..
#...##........#...##..##..
#............##...##......
#...##...##..#######..##.<
#...#######..... #..##.. #...#
....... #..##..


You could see Grum and 2 wolves.

Vanquished Creatures
  Joseph (D:8)
  Prince Ribbit (D:7)
  Duvessa (D:4)
  A water moccasin (D:7)
  An ice beast (D:6)
  3 sky beasts (D:6)
  An orc warrior (D:6)
  2 black bears
  An ogre (D:4)
  2 wolves (D:8)
  A phantom (D:5)
  Blork the orc (D:4)
  2 bullfrogs
  2 kobold brigands (D:6)
  2 necrophages (D:5)
  A scorpion (D:4)
  5 wights (D:7)
  Dowan (D:4)
  3 howler monkeys
  A jelly (D:5)
  2 hounds
  A gnoll shaman (D:7)
  3 iguanas
  Robin (D:3)
  10 gnolls
  7 adders
  4 white imps
  An ufetubus (D:5)
  2 worms
  11 dart slugs
  23 orcs
  6 ball pythons
  8 endoplasms
  5 giant cockroaches
  13 goblins
  13 hobgoblins
  2 jackals (D:5)
  8 quokkas
  4 bats
  5 frilled lizards
  16 kobolds
  5 rats
183 creatures vanquished.

Vanquished Creatures (others)
  12 fungi
12 creatures vanquished.

Grand Total: 195 creatures vanquished

Notes
Turn   | Place    | Note
-------+----------+-------------------------------------------
     0 | D:1      | Dauddaud the Minotaur Berserker began the quest for the
                  | Orb.
     0 | D:1      | Reached XP level 1. HP: 19/19 MP: 0/0
    84 | D:1      | Reached skill level 4 in Axes
   144 | D:1      | Reached XP level 2. HP: 22/26 MP: 1/1
   201 | D:1      | Found a faded altar of an unknown god.
   845 | D:1      | Reached skill level 5 in Axes
  1341 | D:2      | Reached XP level 3. HP: 31/31 MP: 2/2
  1501 | D:2      | Reached ** piety under Trog
  1986 | D:2      | Reached skill level 6 in Axes
  1986 | D:2      | Reached XP level 4. HP: 34/39 MP: 3/3
  2283 | D:3      | Noticed Robin
  2568 | D:3      | Killed Robin
  2571 | D:3      | Reached XP level 5. HP: 42/45 MP: 4/4
  2574 | D:3      | Reached skill level 7 in Axes
  2578 | D:3      | Reached *** piety under Trog
  2989 | D:4      | Found a staircase to the Ecumenical Temple.
  3139 | D:4      | Noticed Blork the orc
  3148 | D:4      | Killed Blork the orc
  3149 | D:4      | Reached skill level 1 in Evocations
  3445 | D:4      | Found a runed translucent gate.
  3446 | D:4      | Found a runed translucent gate.
  3447 | D:4      | Found a runed translucent gate.
  3449 | D:4      | Noticed MrShunz's ghost (amateur GrBe)
  3452 | D:4      | Noticed an ogre
  3465 | D:4      | Killed an ogre
  3466 | D:4      | Reached skill level 8 in Axes
  3466 | D:4      | Reached XP level 6. HP: 32/51 MP: 5/5
  3888 | D:4      | Noticed Duvessa
  3888 | D:4      | Noticed Dowan
  3893 | D:4      | Killed Dowan
  3894 | D:4      | Killed Duvessa
  3895 | D:4      | Reached skill level 9 in Axes
  3895 | D:4      | Reached XP level 7. HP: 57/57 MP: 6/6
  3926 | D:4      | Identified a scroll of acquirement
  4403 | D:5      | Entered Level 5 of the Dungeon
  4835 | D:5      | Reached skill level 10 in Axes
  5310 | D:5      | Reached XP level 8. HP: 39/64 MP: 7/7
  5721 | D:6      | Found a stormy altar of Qazlal.
  5847 | D:6      | Reached **** piety under Trog
  5848 | D:6      | Reached skill level 11 in Axes
  5852 | D:6      | Found a shimmering altar of Xom.
  6146 | D:6      | Found a glowing golden altar of the Shining One.
  6385 | D:6      | Reached skill level 12 in Axes
  6385 | D:6      | Reached skill level 5 in Evocations
  7017 | D:6      | Gained mutation: Your magical capacity is low. (-10% MP)
                  | [potion of mutation]
  7017 | D:6      | Gained mutation: Your body sometimes deteriorates upon
                  | taking damage. [potion of mutation]
  7017 | D:6      | Gained mutation: Your flesh is cold resistant. (rC+)
                  | [potion of mutation]
  7017 | D:6      | Gained mutation: You are somewhat resistant to further
                  | mutation. [potion of mutation]
  7592 | D:7      | Noticed Prince Ribbit
  7595 | D:7      | Killed Prince Ribbit
  7596 | D:7      | Reached XP level 9. HP: 70/70 MP: 7/7
  7937 | D:7      | Reached skill level 13 in Axes
  8122 | D:7      | Found a shimmering blue altar of Sif Muna.
  8229 | D:7      | Found a hide-covered altar of Uskayaw.
  8323 | D:7      | Found a hazy altar of Hepliaklqana.
  8323 | D:7      | Found a broken altar of Ashenzari.
  8489 | D:7      | Found a snail-covered altar of Cheibriados.
  9057 | D:8      | Noticed Joseph
  9067 | D:8      | Killed Joseph
  9392 | D:8      | Noticed Grum
  9401 | D:8      | Reached skill level 14 in Axes
  9402 | D:8      | Slain by Grum

Illustrated notes

Levels and vault maps discovered:
D:1:      saegor_arrival_simple_b, layout_basic,
          hellmonk_ecumenical_altar_crossroads, chequers_jeans
D:2:      layout_rooms
D:3:      kennysheep_slugbush, layout_rooms, uniq_robin
D:4:      layout_loops_corners, minmay_temple_entry_large_hall,
          gammafunk_ghost_necromancy, kennysheep_crisscross,
          minmay_misc_feat_plants, uniq_blork_the_orc, uniq_duvessa
D:5:      dreamdust_elfheim, layout_rooms, serial_aquarium,
          aquarium_bridge_square [aquarium_subvault_bridge,
          aquarium_subvault_window, aquarium_subvault_window,
          aquarium_subvault_window], aquarium_window_fake,
          aquarium_window_corridor_2, aquarium_window_fake, aquarium_view_2f,
          aquarium_view_2b, aquarium_pool_2
D:6:      layout_loops_corners, nicolae_overflow_crystal_walls,
          mainiacjoe_overflow_alcove_1, mainiacjoe_overflow_tiny_flanked
D:7:      layout_loops_corners, marbit_many_paths, nicolae_uskayaw_suspiria,
          grunt_temple_overflow_open, lemuel_crystal_altar, uniq_prince_ribbit1
D:8:      layout_gridville, lemuel_crystal_altar, uniq_psyche, uniq_grum,
          uniq_joseph, uniq_amaemon

Skill      XL: |  1  2  3  4  5  6  7  8  9 |
---------------+----------------------------+-----
Axes           | 4 5 6 8 9 10 12 14 | 14.0
Evocations     | 1 2 3 5 6 |  6.5
Fighting       | |  3.6
Armour         | |  2.4
Dodging        | |  2.1

Action                   |  1- 3 |  4- 6 |  7- 9 || total
-------------------------+-------+-------+-------++-------
Melee: Hand axe          |    95 |    72 |       ||   167
       Headbutt          |    12 |    11 |    31 ||    54
       Punch             |     2 |     1 |     1 ||     4
       War axe           |       |    33 |   187 ||   220
Invok: Berserk           |       |     2 |     4 ||     6
  Use: Scroll            |       |     4 |     4 ||     8
       Potion            |       |       |     2 ||     2
Armor: Animal skin       |     4 |       |       ||     4
       Ring mail         |    23 |    28 |    29 ||    80
       Chain mail        |       |       |    31 ||    31
Dodge: Dodged            |    49 |    74 |    86 ||   209

Table legend: (Time is in decaauts)
 A = Elapsed time spent in this place.
 B = Non-inter-level travel time spent in this place.
 C = Inter-level travel time spent in this place.
 D = Time resting spent in this place.
 E = Time spent auto-exploring this place.
 F = Levels seen in this place.
 G = Mean time per level.
                   A        B        C        D        E       F      G
               +--------+--------+--------+--------+--------+-----+--------+
         Total |   9456 |   9224 |    232 |   2176 |   6067 |   8 | 1182.0 |
       Dungeon |   9456 |   9224 |    232 |   2176 |   6067 |   8 | 1182.0 |
               +--------+--------+--------+--------+--------+-----+--------+

Top non-repeatable levels by time:
     D:6: 1686 daAuts
     D:7: 1643 daAuts
     D:4: 1520 daAuts
     D:1: 1323 daAuts
     D:5: 1242 daAuts
     D:2: 941 daAuts
     D:3: 704 daAuts
     D:8: 394 daAuts
